 Dungeon Crawl Stone Soup version 0.17-a0-1515-gfae3d72 (webtiles) character file.

447 Redz the Caller (level 7, -5/44 HPs)
             Began as a Kobold Summoner on July 12, 2015.
             Killed from afar by an orc wizard (9 damage)
             ... with a puff of flame
             ... on level 4 of the Dungeon.
             The game lasted 00:22:06 (4719 turns).

Redz the Caller (Kobold Summoner)                   Turns: 4719, Time: 00:22:06

Health: -5/44      AC:  1    Str:  7    XL:     7   Next: 24%
Magic:  7/11       EV: 16    Int: 15    God:
Gold:   251        SH:  0    Dex: 14    Spells: 2 memorised, 7 levels left

rFire  . . .     SeeInvis .     d - +2 dagger (speed)
rCold  . . .     Clarity  .     a - +0 robe
rNeg   . . .     SustAt   .     (shield restricted)
rPois  .         Gourm    .     (no helmet)
rElec  .         Spirit   .     (no cloak)
rCorr  .         Warding  .     (no gloves)
rMut   .         Stasis   .     (no boots)
MR     .....                    (no amulet)
Stlth  +++.......               (no ring)
                                (no ring)

@: not resistant to hostile enchantments, fairly stealthy
A: carnivore 3, clumsy 1, deformed body
a: no special abilities


You were on level 4 of the Dungeon.
You were full.

You visited 2 branches of the dungeon, and saw 5 of its levels.

You collected 251 gold pieces.

Inventory:

Hand weapons
 d - a +2 dagger of speed (weapon)
Armour
 a - a +0 robe (worn)
Jewellery
 h - a cursed amulet of inaccuracy {unknown}
 m - a +3 ring of strength {unknown}
Magical devices
 i - a wand of paralysis (4)
 n - a wand of digging (17)
Scrolls
 e - a scroll of noise
 j - a scroll of remove curse
Potions
 g - a potion of brilliance
Books
 b - a book of Callings

   Spells                             Type                      Level
   a - Summon Small Mammal            Summoning                    1
   b - Call Imp                       Summoning                    2
   c - Call Canine Familiar           Summoning                    3
   d - Summon Guardian Golem          Hexes/Summoning              3
   e - Summon Lightning Spire         Summoning/Air                4
   f - Summon Ice Beast               Ice/Summoning                4
Comestibles
 c - 2 meat rations
 f - a chunk of flesh
 k - a beef jerky


   Skills:
 * Level 4.3 Fighting
 + Level 1.1 Short Blades
 + Level 4.3 Dodging
 + Level 3.7 Stealth
 + Level 3.2 Spellcasting
 + Level 5.0 Summonings


You had 7 spell levels left.
You knew the following spells:

 Your Spells              Type           Power        Failure   Level  Hunger
b - Call Imp              Summ           ###.....     4%          2    ##.....
c - Call Canine Familiar  Summ           ###.....     10%         3    ###....


Dungeon Overview and Level Annotations

Branches:
Dungeon (4/15)             Temple (1/1) D:4

Altars:
Dithmenos
Fedhas
Gozag
Kikubaaqudgha
Nemelex Xobeh
Okawaru
Qazlal
Ru
Trog
Vehumet
Xom
Yredelemnul
The Shining One


Innate Abilities, Weirdness & Mutations

You are small and have problems with some larger weapons.
You are carnivorous and can eat meat at any time.
You are clumsy. (Dex -2)
Armour fits poorly on your strangely shaped body.


Message History

Gang up on whom?
Press: ? - help, Dir - move target cursor There's nothing there!
You hit something but do no damage. You barely miss something.
Something hits you.
* * * LOW HITPOINT WARNING * * *
You completely miss something. You miss something.
You hear some strange, mumbled words.
Something tries to affect you, but you resist.
You completely miss something.
Your shadow imp gestures at something.
Your shadow imp disappears in a puff of smoke!
Something hits you.
* * * LOW HITPOINT WARNING * * *
You hear some strange, mumbled words.
Something tries to affect you, but you resist.
A puff of flame appears from out of thin air!
The puff of flame hits you!
You die...

#.......# ##.##.....
..###...# #...#......
.## ##..######..........
.## ##..................
..###..####.............
#..##.## ##............
##.....###..##........#
##..#...#..####...#..#
##..##..5.## ##@##
.#.####.o## #.##
.....##..# ##.#
.#.......#####{.#
##...###)).)ยง...#
......##..#####.#
......###.# #.## ..
.......##.# #..## ...
.########.#
##...####...#


There were no monsters in sight!

Vanquished Creatures
  A scorpion (D:4)
  An orc priest (D:4)
  An iguana (D:4)
  3 adders
  A worm (D:3)
  2 giant geckos
  10 orcs
  8 bats
  10 hobgoblins
  3 quokkas
  2 giant cockroaches
  3 giant newts
  13 goblins
  A jackal skeleton (D:4)
  9 kobolds
  6 rats
74 creatures vanquished.

Vanquished Creatures (collateral kills)
  2 ogres (D:4)
  A scorpion (D:3)
  A hound (D:4)
  An orc priest (D:4)
  3 orc wizards (D:4)
  2 worker ants (D:4)
  2 adders
  An ooze (D:4)
  A worm (D:2)
  A giant gecko (D:4)
  5 orcs
  A giant cockroach (D:1)
  3 goblins
  A hobgoblin (D:3)
  A quokka (D:2)
  2 bats (D:1)
  3 kobolds (D:2)
  5 rats
36 creatures vanquished.

Grand Total: 110 creatures vanquished

Notes
Turn   | Place    | Note
--------------------------------------------------------------
     0 | D:1      | Redz the Kobold Summoner began the quest for the Orb.
     0 | D:1      | Reached XP level 1. HP: 10/10 MP: 3/3
    59 | D:1      | Reached XP level 2. HP: 4/16 MP: 1/5
   360 | D:1      | Reached skill level 1 in Fighting
   403 | D:1      | Learned a level 2 spell: Call Imp
   642 | D:1      | Reached XP level 3. HP: 16/20 MP: 6/6
  1567 | D:2      | Found a faded altar to an unknown god.
  1825 | D:3      | Reached XP level 4. HP: 26/26 MP: 4/7
  1986 | D:3      | Found an ancient bone altar of Kikubaaqudgha.
  2287 | D:3      | Reached XP level 5. HP: 31/31 MP: 1/8
  2481 | D:4      | Found a shadowy altar of Dithmenos.
  2858 | D:4      | Found a staircase to the Ecumenical Temple.
  2886 | D:4      | Gained mutation: You are clumsy. (Dex -2) [potion of mutation]
  2886 | D:4      | Gained mutation: Armour fits poorly on your strangely shaped body. [potion of mutation]
  2920 | D:4      | Noticed an ogre
  2921 | Temple   | Entered the Ecumenical Temple
  3146 | D:4      | Noticed an ogre
  3182 | D:4      | Killed an ogre
  3182 | D:4      | Reached XP level 6. HP: 9/37 MP: 3/10
  3735 | D:4      | Killed an ogre
  3740 | D:4      | Learned a level 3 spell: Call Canine Familiar
  4107 | D:4      | Reached skill level 5 in Summonings
  4119 | D:4      | Reached XP level 7. HP: 41/43 MP: 2/11
  4192 | D:4      | Reached skill level 1 in Short Blades
  4719 | D:4      | Killed from afar by an orc wizard

Vault maps used:
D:1:      shiori_arrival_oz, serial_corexii_hall, corexii_hall_statues_x,
          corexii_hall_statues_t, st_stairs_13
D:2:      first_bread, ecumenical_altar_1, st_stairs_8
D:3:      lemuel_coloured_pillars_altar
D:4:      temple_fountains, serial_glass, glass_columns_b, glass_columns_a,
          grunt_dithmenos_smoke
Temple:   circular_temple_12

Action                   |  1- 3 |  4- 6 |  7- 9 || total
-------------------------+-------+-------+-------++-------
Melee: Dagger            |   159 |   186 |    64 ||   409
       Unarmed           |     3 |       |       ||     3
 Cast: Summon Small Mamm |     8 |       |       ||     8
       Call Imp          |    12 |    35 |     6 ||    53
       Call Canine Famil |       |     7 |     4 ||    11
  Use: Scroll            |       |     6 |       ||     6
       Potion            |       |     3 |       ||     3
 Stab: Sleeping          |     5 |     3 |     1 ||     9
       Distracted        |       |     2 |     1 ||     3
  Eat: Chunk             |    10 |     8 |     4 ||    22
